 Seeded DCSS version 0.30.0-19-g36f170ea60 (webtiles) character file.

Game seed: 424073725385337585 (custom seed)

14576 Hubris850 the Destroyer (level 11, -5/74 HPs)
             Began as a Black Draconian Conjurer on May 31, 2023.
             Was an Elder of Sif Muna.
             Slain by a slime creature (13 damage)
             ... on level 11 of the Dungeon.
             The game lasted 00:43:29 (13270 turns).

Hubris850 the Destroyer (Black Draconian Conjurer) Turns: 13270, Time: 00:43:30

Health: -5/74      AC: 14    Str: 10    XL:     11   Next: 90%
Magic:  25/25      EV: 17    Int: 22    God:    Sif Muna [****..]
Gold:   613        SH:  0    Dex: 10    Spells: 16/31 levels left

rFire   . . .        b - staff of conjuration
rCold   . . .        O - sphere of Battle
rNeg    . . .        (body armour unavailable)
rPois   .            (helmet restricted)
rElec   +            A - +0 cloak
rCorr   .            h - +0 pair of gloves
SInv    .            j - +0 pair of boots
Will    .....        i - amulet of regeneration
Stlth   ++           y - +4 ring of protection
HPRegen 1.12/turn    g - +5 ring of evasion
MPRegen 0.19/turn

%: no passive effects
@: about to teleport
A: breathe lightning, AC +7, unfitting armour, electricity resistance,
cold-blooded
a: Breathe Lightning, Renounce Religion, Channel Magic, Forget Spell, Divine
Exegesis


You were on level 11 of the Dungeon.
You worshipped Sif Muna.
Sif Muna was greatly pleased with you.
You visited 2 branches of the dungeon, and saw 13 of its levels.
You also visited: Bailey.

You collected 613 gold pieces.

Inventory:

Hand Weapons
 a - a +4 quarterstaff of chaos
 d - a +0 spear
 k - a +2 vampiric dagger
 r - a +1 spectral club
Missiles
 c - 10 throwing nets
 t - 34 poisoned darts
 x - 4 datura-tipped darts
 L - 4 javelins
 T - 2 curare-tipped darts
Armour
 h - a +0 pair of gloves (worn)
 j - a +0 pair of boots (worn)
 A - a +0 cloak (worn)
 O - the sphere of Battle (worn)
   (You found it on level 10 of the Dungeon)

   It enhances your destructive magic.
   It weakens your non-destructive magic.
   It summons a battlesphere in combat, with strength depending on Conjurations
   skill.
Magical Staves
 b - a staff of conjuration (weapon)
 D - a staff of cold
 I - a staff of earth
Jewellery
 g - a +5 ring of evasion (right hand)
 i - an amulet of regeneration (around neck)
 y - a +4 ring of protection (left hand)
Wands
 q - a wand of paralysis (14)
 K - a wand of quicksilver (10)
 R - a wand of roots (7)
Scrolls
 f - 3 scrolls of amnesia
 n - 2 scrolls of magic mapping
 o - 3 scrolls of blinking {unknown}
 p - 3 scrolls of teleportation
 s - 2 scrolls of fear {unknown}
 u - 2 scrolls of vulnerability {unknown}
 v - a scroll of acquirement {unknown}
 w - 2 scrolls of enchant weapon {unknown}
 E - a scroll of enchant armour {unknown}
 F - a scroll of noise {unknown}
 M - a scroll of poison {unknown}
 N - a scroll of silence {unknown}
 P - 2 scrolls of butterflies
Potions
 e - 6 potions of curing
 l - 4 potions of heal wounds
 m - 3 potions of attraction
 z - a potion of magic
 B - a potion of might
 C - 3 potions of ambrosia
 G - a potion of cancellation
 H - a potion of haste
 J - a potion of brilliance
 Q - a potion of flight {unknown}
 S - 3 potions of degeneration {unknown}


   Skills:
 - Level 8.0 Staves
 - Level 1.7 Dodging
 - Level 1.7 Stealth
 + Level 10.6 Spellcasting
 + Level 12.0 Conjurations
 - Level 3.0 Hexes
 - Level 6.0 Summonings
 - Level 3.0 Translocations


You had 16 spell levels left.
You knew the following spells:

 Your Spells              Type           Power      Damage    Failure   Level
a - Magic Dart            Conj           100%       1d8       1%          1
b - Searing Ray           Conj           100%       2d8       1%          2
c - Summon Small Mammal   Summ           76%        N/A       1%          1
d - Fulminant Prism       Conj/Hex       39%        3d17      2%          4
e - Iskenderun's Mystic   Conj/Tloc      79%        2d16      2%          4
f - Call Canine Familiar  Summ           19%        N/A       1%          3

Your spell library contained the following spells:

 Spells                   Type           Power      Damage    Failure   Level
 Dazzling Flash           Conj/Hex       100%       N/A       1%          3
 Summon Guardian Golem    Hex/Summ       15%        N/A       2%          3
 Portal Projectile        Hex/Tloc       24%        N/A       4%          3
 Tukima's Dance           Hex            12%        N/A       4%          3
 Sublimation of Blood     Necr           5%         N/A       9%          2
 Wereblood                Tmut           5%         N/A       9%          2
 Vampiric Draining        Necr           5%         2d6       17%         3
 Summon Forest            Summ/Tloc      7%         N/A       26%         5
 Petrify                  Tmut/Erth      5%         N/A       50%         4
 Yara's Violent Unravell  Hex/Tmut       13%        3d7       65%         5
 Blade Hands              Tmut           2%         N/A       85%         5
 Summon Hydra             Summ           9%         N/A       99%         7
 Eringya's Noxious Bog    Tmut/Pois      8%         N/A       100%        6
 Chain Lightning          Conj/Air       36%        3d48      100%        9
 Fire Storm               Conj/Fire      36%        8d9       100%        9
 Shatter                  Erth           8%         3d10*     100%        9


Dungeon Overview and Level Annotations

Branches:
Dungeon (12/15)            Temple (1/1) D:5            Lair (0/5) D:10
 Bailey (visited)
    Orc: D:9-12

Altars:
Ashenzari
Cheibriados
Fedhas
Gozag
Hepliaklqana
Makhleb
Nemelex Xobeh
Okawaru
Qazlal
Ru
Sif Muna
Trog
Vehumet
Wu Jian
Xom
Yredelemnul
Zin
The Shining One

Shops:
D:5 *   D:6 =

Annotations:
D:5 3 runed translucent doors, banonogon's ghost, novice MfIE


Innate Abilities, Weirdness & Mutations

You can breathe wild blasts of lightning.
Your glossy black scales are hard. (AC +7)
You cannot fit into any form of body armour.
You are resistant to electric shocks. (rElec)
You are cold-blooded and may be slowed by cold attacks.


Message History

The large slime creature is severely wounded.
Casting: Iskenderun's Mystic Blast (dangerous; 2% risk of failure)
Confirm with . or Enter, or press ? or * to list all spells.
You feel a strong surge of power!
You erupt in a blast of force!
The mystic blast hits the large slime creature.
The large slime creature is almost dead.
The large slime creature is knocked back by the mystic blast.
The large slime creature slams into the rock wall!
The large slime creature is almost dead.
Your battlesphere fires!
The barrage of energy hits the large slime creature!!
You kill the large slime creature!
Sif Muna accepts your kill.
You start resting.
HP restored.
You start resting.
Your battlesphere wavers and loses cohesion.
You start resting.
Magic restored.
You climb downwards.
You conjure a globe of magical energy.
The slime creature closely misses you. The orc closely misses you.
The enormous slime creature hits you! The slime creature hits you!
There is a stone staircase leading up, spattered with blood here.
The orc barely misses you. The enormous slime creature hits you!!!
Ouch! That really hurt!
* * * LOW HITPOINT WARNING * * *
The slime creature completely misses you.
You climb upwards.
Your battlesphere wavers and loses cohesion.
You conjure a globe of magical energy.
There is a stone staircase leading down here.
As you read the scroll of teleportation, it crumbles to dust.
You feel strangely unstable. The orc misses you.
The enormous slime creature closely misses you.
The slime creature hits you!
* * * LOW HITPOINT WARNING * * *
The orc completely misses you.
The enormous slime creature hits you but does no damage.
The slime creature hits you!
You die...

......# #.# #####.......#
'###### #.# ####'#### .# #.##
###..# .# #..#### #...## #####
##....# ##.###### ....####
#######.## #.......#
....'..###........####.......#
....##..##.....J*o##.........#
....###.........@J...#.......#
....# ####........####.......#
.<..# #........# #.......#
....# ##.####### #####.###
##### ##.# #.# ..# #..# #.#
#'### ##.## ####.## ....# #..#
#.....# ..}.# ##'######
#.....#


You could see an enormous slime creature, a slime creature, an orc and a
friendly battlesphere.

Vanquished Creatures
  2 two-headed ogres
  2 manticores
  A gargoyle (D:12)
  An unseen horror (D:11)
  3 kobold demonologists (D:12)
  3 tengu conjurers (D:10)
  3 slime creatures
  3 wraiths
  5 yaks (D:9)
  2 vampires
  2 shadows
  7 vampire mosquitoes
  7 steam dragons
  An acid dragon (D:12)
  4 orc warriors
  A swamp drake (D:8)
  2 ice beasts (D:5)
  2 sky beasts (D:7)
  A black bear (D:6)
  2 ogres
  13 centaurs
  A wolf (Bailey)
  3 phantoms (D:6)
  5 kobold brigands
  4 bullfrogs
  5 gnoll sergeants
  3 scorpions
  20 killer bees
  7 howler monkeys
  7 hounds
  2 jellies
  Crazy Yiuf (D:4)
  4 gnoll boudas
  9 orc priests
  4 sleepcaps
  Ijyb (D:3)
  5 iguanas
  7 orc wizards
  Robin (D:4)
  32 gnolls
  5 adders
  A white imp (D:6)
  An ufetubus (D:6)
  6 dart slugs
  27 orcs
  4 ball pythons
  7 bats
  13 endoplasms
  5 giant cockroaches
  21 goblins
  14 hobgoblins
  13 jackals
  11 kobolds
  4 quokkas
  A frilled lizard (D:2)
  7 rats
  A spectral orc (D:6)
329 creatures vanquished.

Vanquished Creatures (others)
  A wizard (D:9)
  An orc (D:8)
  20 fulminant prisms
22 creatures vanquished.

Grand Total: 351 creatures vanquished

Notes
Turn   | Place    | Note
-------+----------+-------------------------------------------
     0 | D:1      | Hubris850 the Draconian Conjurer began the quest for the
                  | Orb.
     0 | D:1      | Reached XP level 1. HP: 14/14 MP: 3/3
   283 | D:1      | Reached XP level 2. HP: 20/20 MP: 1/5
   746 | D:1      | Reached XP level 3. HP: 26/26 MP: 4/7
  1425 | D:1      | Learned a level 2 spell: Searing Ray
  1449 | D:2      | Got Sif Muna's Book of the Gestalt and Diablerie
  1849 | D:2      | Reached XP level 4. HP: 33/33 MP: 2/8
  2710 | D:3      | Reached skill level 5 in Conjurations
  2837 | D:3      | Learned a level 1 spell: Summon Small Mammal
  2842 | D:3      | Learned a level 4 spell: Fulminant Prism
  2930 | D:3      | Noticed Ijyb
  2935 | D:3      | Paralysed by Ijyb for 2 turns
  2937 | D:3      | Killed Ijyb
  3202 | D:3      | Found an ornate altar of the Wu Jian Council.
  3221 | D:3      | Reached XP level 5. HP: 38/38 MP: 8/10
  3315 | D:3      | Reached skill level 1 in Summonings
  3386 | D:3      | Reached skill level 1 in Hexes
  3711 | D:4      | Reached XP level 6. HP: 35/45 MP: 0/11
  4300 | D:4      | Noticed Robin
  4306 | D:4      | Killed Robin
  4709 | D:4      | Found a runed translucent door.
  4711 | D:4      | Noticed Crazy Yiuf
  4725 | D:4      | Killed Crazy Yiuf
  4776 | D:5      | Entered Level 5 of the Dungeon
  4882 | D:5      | Noticed an ice beast
  4895 | D:5      | Killed an ice beast
  4896 | D:5      | Your scales start taking on a glossy black colour.
  4896 | D:5      | Reached XP level 7. HP: 29/50 MP: 9/13
  4896 | D:5      | Gained mutation: You are resistant to electric shocks.
                  | (rElec) [Black Draconian growth]
  4928 | D:5      | Reached skill level 6 in Conjurations
  4972 | D:5      | Found a runed translucent gate.
  4972 | D:5      | Found a runed translucent gate.
  4976 | D:5      | Found a runed translucent gate.
  4976 | D:5      | Found an opulent altar of Gozag.
  5037 | D:5      | Noticed a hornet
  5162 | D:4      | Reached skill level 5 in Spellcasting
  5201 | D:5      | Reached XP level 8. HP: 53/57 MP: 16/16
  5262 | D:5      | Reached skill level 7 in Conjurations
  5588 | D:5      | Learned a level 4 spell: Iskenderun's Mystic Blast
  5640 | D:5      | Reached skill level 1 in Translocations
  5864 | D:5      | Found Wovow's Assorted Antiques.
  5875 | D:5      | Noticed banonogon's ghost (novice MfIE)
  5979 | D:5      | Found a staircase to the Ecumenical Temple.
  5986 | Temple   | Entered the Ecumenical Temple
  6025 | Temple   | Became a worshipper of Sif Muna the Loreminder
  6132 | D:5      | Reached skill level 1 in Staves
  6670 | D:6      | Reached skill level 8 in Conjurations
  6767 | D:6      | Found Dutzeamp's Jewellery Emporium.
  6856 | D:6      | Reached XP level 9. HP: 62/62 MP: 14/18
  7208 | D:6      | Reached * piety under Sif Muna
  7275 | D:6      | Found a basalt altar of Yredelemnul.
  7586 | D:7      | Learned a level 3 spell: Call Canine Familiar
  8335 | D:8      | Reached skill level 5 in Staves
  8412 | D:8      | Found a flagged portal.
  8446 | D:8      | Reached XP level 10. HP: 34/69 MP: 21/21
  8486 | D:8      | Reached skill level 9 in Conjurations
  8488 | D:8      | Reached ** piety under Sif Muna
  8543 | Bailey   | Entered a bailey
  8947 | D:8      | Found a radiant altar of Vehumet.
  8973 | D:8      | Found a broken altar of Ashenzari.
  9070 | D:8      | Found a snail-covered altar of Cheibriados.
  9086 | D:8      | Found a hazy altar of Hepliaklqana.
  9362 | D:8      | Found a shimmering altar of Xom.
  9624 | D:9      | Reached skill level 5 in Summonings
  9995 | D:9      | Reached *** piety under Sif Muna
 10062 | D:9      | Found a glowing silver altar of Zin.
 10463 | D:9      | Found a bloodstained altar of Trog.
 10465 | D:9      | Noticed a wizard
 10469 | D:9      | Killed a wizard
 10560 | D:10     | Entered Level 10 of the Dungeon
 10671 | D:10     | Found a staircase to the Lair.
 10957 | D:10     | Noticed a two-headed ogre
 10964 | D:10     | Killed a two-headed ogre
 10965 | D:10     | Reached skill level 10 in Conjurations
 10965 | D:10     | Reached XP level 11. HP: 64/74 MP: 7/23
 11558 | D:10     | Found the sphere of Battle
 12650 | D:12     | Noticed a two-headed ogre
 12652 | D:12     | Noticed a sun demon
 12654 | D:12     | Reached skill level 11 in Conjurations
 12660 | D:12     | Killed a two-headed ogre
 12706 | D:12     | Reached skill level 10 in Spellcasting
 12909 | D:12     | Reached **** piety under Sif Muna
 13164 | D:12     | Reached skill level 12 in Conjurations
 13270 | D:11     | Slain by a slime creature

Illustrated notes

Levels and vault maps discovered:
D:1:      evilmike_arrival_crescent, layout_loops_corners
D:2:      layout_basic, minmay_misc_feat_cross, kennysheep_cross_room
D:3:      layout_rooms, nzn_wu_jian_contemplation, uniq_ijyb
D:4:      layout_loops_ring, uniq_robin, uniq_crazy_yiuf_cottage
D:5:      layout_cave_pools, minmay_temple_entry_hall, serial_gnoll_camp,
          gnoll_camp_mini_house, gnoll_camp_mini_shop, gnoll_camp_mini_basic,
          gnoll_camp_medium_02, gnoll_camp_medium_01, ebering_ghost_gozag,
          lemuel_flame_loot_1
D:6:      layout_cave_pools, yredelemnul_forgotten_temple_becter, serial_shops,
          nicolae_shop_rolling_square
D:7:      layout_basic, grunt_decor_clamped
D:8:      minmay_recursive_quarters, layout_rooms,
          mainiacjoe_overflow_surrounded_room, cheibrodos_ashenzari_chains,
          kennysheep_slug_shrine, nicolae_vehumet_radiance,
          mainiacjoe_overflow_boulevard, enter_bailey_5, serial_glass,
          glass_columns_a, glass_columns_a, glass_columns_c, glass_columns_b,
          glass_columns_b, glass_columns_c, glass_columns_c, glass_columns_a,
          glass_columns_a, glass_columns_a, due_unseen_surprise,
          feat_on_display, item_on_display_a, item_on_display_a,
          grunt_decor_arrowhead, amcnicky_mini_corridor_feature
D:9:      layout_loops_ring, trog_wizard, mainiacjoe_overflow_cross_hatched
D:10:     layout_stronghold, lair_entry_dummy,
          hellmonk_guarded_unrand_sphere_of_battle
D:11:     layout_roguey
D:12:     layout_small_grid, erik_orc_4
Temple:   nicolae_temple_god_jail

Skill      XL: |  1  2  3  4  5  6  7  8  9 10 11 |
---------------+----------------------------------+-----
Spellcasting   | 3 4 5 6 7 8 10 | 10.6
Conjurations   | 5 6 8 10 12 | 12.0
Summonings     | 1 2 3 4 6 |  6.0
Hexes          | 1 2 3 |  3.0
Translocations | 2 3 |  3.0
Staves         | 2 6 8 |  8.0
Dodging        | |  1.7
Stealth        | |  1.7

Action                     |  1- 3 |  4- 6 |  7- 9 | 10-12 || total
---------------------------+-------+-------+-------+-------++-------
  Melee: Unarmed           |     6 |       |       |       ||     6
         Tailslap          |     1 |    12 |    29 |    40 ||    82
         Spear             |    12 |       |       |       ||    12
         Dagger            |    26 |    96 |       |       ||   122
         Quarterstaff      |       |    11 |   186 |   245 ||   442
         Staff             |       |       |    21 |    23 ||    44
         Punch             |       |       |     1 |       ||     1
  Throw: Dart              |       |     8 |     1 |       ||     9
   Cast: Magic Dart        |    84 |   119 |   195 |   135 ||   533
         Searing Ray       |       |     7 |     5 |     8 ||    20
         Fulminant Prism   |       |       |     7 |    13 ||    20
         Iskenderun's Myst |       |       |       |    13 ||    13
         Call Canine Famil |       |       |       |     1 ||     1
Ability: Breathe Lightning |       |       |     3 |     5 ||     8
  Evoke: Wand              |       |     1 |     1 |       ||     2
    Use: Scroll            |       |     3 |     1 |     9 ||    13
         Potion            |       |     2 |     1 |     2 ||     5
   Stab: Sleeping          |     1 |       |       |       ||     1
         Paralysed         |       |     5 |     2 |       ||     7
         Confused          |       |       |       |     2 ||     2
 Armour: Skin              |     8 |    39 |   109 |   151 ||   307
  Dodge: Dodged            |    28 |    57 |   198 |   381 ||   664
